[Event "Pillsbury"]
[Site "Gatineau CAN"]
[Date "2026.02.03"]
[Round "4"]
[White "Masse-Garneau, Antony"]
[Black "Brault, Jean-Francois"]
[Result "1-0"]
[ECO "D06"]
[WhiteElo "1762"]
[BlackElo "1533"]
[WhiteFideId "-1"]
[BlackFideId "-1"]
[PlyCount "51"]
[GameId "2276706195021852"]
[EventDate "2026.01.05"]
[EventType "swiss"]
[EventRounds "7"]
[EventCountry "CAN"]
[TimeControl "90+30"]

1. d4 d5 2. c4 c5 3. cxd5 Qxd5 4. Nf3 cxd4 5. Nc3 Qa5 6. Nxd4 g6 7. e3 Bg7 8. Bc4 Bd7 9. Qb3 Bxd4 10. Bxf7+ Kd8 11. exd4 Nf6 12. O-O Nc6 13. Be3 b6 14. Rad1 Qf5 15. Rfe1 Rf8 16. Bh6 Na5 17. Bxf8 Nxb3 18. Bxe7+ Kc7 19. Bxf6 Rf8 20. Be5+ Kb7 21. Bxb3 Qxf2+ 22. Kh1 Qxb2 23. Ne4 Bc6 24. Nd6+ Ka6 25. d5 Qf2 26. dxc6 1-0

[Event "Pillsbury"]
[Site "Gatineau CAN"]
[Date "2026.02.17"]
[Round "6"]
[White "Azar, Sebastien"]
[Black "Latreille, Etienne"]
[Result "1-0"]
[ECO "B39"]
[WhiteElo "2148"]
[BlackElo "1984"]
[WhiteFideId "-1"]
[BlackFideId "-1"]
[PlyCount "117"]
[GameId "2281124471561819"]
[EventDate "2026.01.05"]
[EventType "swiss"]
[EventRounds "7"]
[EventCountry "CAN"]
[TimeControl "90+30"]

1. e4 c5 2. Nf3 Nc6 3. d4 cxd4 4. Nxd4 g6 5. c4 Nf6 6. Nc3 Nxd4 7. Qxd4 d6 8. Be3 Bg7 9. f3 O-O 10. Qd2 a5 11. Be2 Be6 12. Rc1 Nd7 13. O-O Nc5 14. b3 Qb6 15. Nb5 Rfc8 16. Kh1 Qd8 17. Bd4 Qf8 18. Qe3 Bd7 19. Bxg7 Qxg7 20. Nc3 Bc6 21. f4 Re8 22. Bf3 Qh6 23. e5 Ne6 24. Bd5 Ng7 25. g4 dxe5 26. Qxe5 Qh4 27. f5 Ra6 28. fxg6 Bxd5+ 29. Qxd5 hxg6 30. Qxf7+ Kh7 31. Rce1 Rf6 32. Qd5 Ref8 33. Rg1 Rf2 34. Qe5 R8f4 35. Rg2 Rxg2 36. Qxf4 Qxe1+ 37. Kxg2 Qxc3 38. Qg5 Qf6 39. Qxa5 Ne6 40. Qd2 Nf4+ 41. Kg3 g5 42. Qe3 Qd6 43. c5 Qc6 44. Qxe7+ Kg6 45. Qd6+ Kf7 46. Qxc6 bxc6 47. h4 Nd3 48. hxg5 Nxc5 49. Kf3 Ke6 50. Ke3 Kd6 51. g6 Ne6 52. Ke4 Ng7 53. b4 Ke6 54. a4 Kd6 55. a5 Ne8 56. a6 Kc7 57. Ke5 Kb6 58. Ke6 Kxa6 59. Ke7 1-0

[Event "Pillsbury"]
[Site "Gatineau CAN"]
[Date "2026.02.17"]
[Round "6"]
[White "Blais, Robert"]
[Black "Brault, Jean-Francois"]
[Result "1/2-1/2"]
[ECO "B27"]
[WhiteElo "1241"]
[BlackElo "1533"]
[WhiteFideId "-1"]
[BlackFideId "-1"]
[PlyCount "158"]
[GameId "2281124471656034"]
[EventDate "2026.01.05"]
[EventType "swiss"]
[EventRounds "7"]
[EventCountry "CAN"]
[TimeControl "90+30"]

1. e4 c5 2. Nf3 b6 3. c4 Bb7 4. d3 Nc6 5. Be3 g6 6. Qd2 Bg7 7. Be2 e5 8. Nc3 Nge7 9. Bh6 O-O 10. O-O a6 11. Nh4 Nd4 12. Bxg7 Kxg7 13. f4 Nec6 14. Nf3 d6 15. fxe5 dxe5 16. Nd5 Nxf3+ 17. Rxf3 Nd4 18. Rf2 Bxd5 19. cxd5 Qd6 20. Raf1 f6 21. Qe3 a5 22. Bd1 Ra7 23. g4 Raf7 24. Qh3 Qd7 25. Qh4 h6 26. Qg3 Qd6 27. h4 g5 28. Rh2 b5 29. Kg2 b4 30. Rfh1 Rh8 31. Ba4 Ne2 32. Qe3 Nf4+ 33. Kg3 Rc7 34. Bc6 Nxd3 35. hxg5 fxg5 36. Rh5 Nf4 37. R5h2 Rf7 38. Rc1 Rhf8 39. Rxc5 Nd3 40. Rxa5 Rf3+ 41. Qxf3 Rxf3+ 42. Kxf3 Qf8+ 43. Ke3 Qf4+ 44. Kxd3 Qxh2 45. d6 Qxb2 46. Kc4 Qd4+ 47. Kb5 Qxd6 48. Ra7+ Kf6 49. Bd5 Qb8+ 50. Rb7 Qc8 51. Rb6+ Kg7 52. Kxb4 Qxg4 53. Rb7+ Kf8 54. a4 Qd1 55. a5 Qd4+ 56. Kb5 Qd3+ 57. Kb6 g4 58. a6 Qd4+ 59. Kc6 Qa4+ 60. Kb6 Qd4+ 61. Kc7 Qc5+ 62. Kb8 Qd6+ 63. Ka7 Qc5+ 64. Ka8 Qc8+ 65. Rb8 Qxb8+ 66. Kxb8 g3 67. Bc4 g2 68. a7 g1=Q 69. a8=Q Qb6+ 70. Qb7 Qd8+ 71. Qc8 Qxc8+ 72. Kxc8 Ke7 73. Be2 Kf6 74. Bg4 Kg5 75. Bf5 h5 76. Kd7 Kf4 77. Ke6 h4 78. Kf6 h3 79. Bxh3 Kxe4 1/2-1/2

[Event "Pillsbury"]
[Site "Gatineau CAN"]
[Date "2026.02.17"]
[Round "6"]
[White "Gagne, Raphael"]
[Black "Filion, Yves"]
[Result "0-1"]
[ECO "C10"]
[WhiteElo "1483"]
[BlackElo "1436"]
[WhiteFideId "-1"]
[BlackFideId "-1"]
[PlyCount "118"]
[GameId "2281124471660131"]
[EventDate "2026.01.05"]
[EventType "swiss"]
[EventRounds "7"]
[EventCountry "CAN"]
[BlackTeam "CA"]
[TimeControl "90+30"]

1. e4 e6 2. d4 d5 3. Nd2 dxe4 4. Nxe4 Nd7 5. Nf3 Ngf6 6. Bd3 Nxe4 7. Bxe4 Nf6 8. Bd3 c5 9. Bg5 cxd4 10. Bb5+ Bd7 11. Nxd4 Bxb5 12. Bxf6 gxf6 13. Nxb5 Qa5+ 14. Nc3 Bb4 15. Qf3 Qe5+ 16. Qe3 Qxe3+ 17. fxe3 Bxc3+ 18. bxc3 Rc8 19. Rb1 b6 20. Kd2 Ke7 21. Rb4 e5 22. Ra4 Rhd8+ 23. Kc1 a5 24. Rd1 Rxd1+ 25. Kxd1 Rxc3 26. Kd2 Rc8 27. Rh4 Rh8 28. g3 f5 29. Kd3 b5 30. g4 Rd8+ 31. Ke2 fxg4 32. Rxh7 Rc8 33. Kd2 Rc4 34. Rh5 f6 35. Rh7+ Ke6 36. Rb7 Rc5 37. e4 b4 38. Ra7 Rc4 39. Ra6+ Kf7 40. Rxa5 Rxe4 41. a4 bxa3 42. Rxa3 Rf4 43. Ke2 Kg6 44. Re3 Kf5 45. h3 gxh3 46. Rxh3 Ke4 47. c4 Kd4 48. Ra3 e4 49. Kd2 f5 50. Ra4 Rf2+ 51. Ke1 e3 52. Ra8 Kxc4 53. Rc8+ Kd4 54. Rd8+ Ke4 55. Re8+ Kf3 56. Rf8 f4 57. Re8 Rg2 58. Kd1 Rg1+ 59. Kc2 e2 0-1

[Event "Pillsbury"]
[Site "Gatineau CAN"]
[Date "2026.02.24"]
[Round "7"]
[White "Lattafi, Youcef"]
[Black "Scrieciu, Cristian"]
[Result "1-0"]
[ECO "B42"]
[WhiteElo "2104"]
[BlackElo "1717"]
[WhiteFideId "-1"]
[BlackFideId "-1"]
[PlyCount "69"]
[GameId "2281831754399844"]
[EventDate "2026.01.05"]
[EventType "swiss"]
[EventRounds "7"]
[EventCountry "CAN"]
[TimeControl "5400+30"]

1. e4 c5 2. Nf3 e6 3. d4 cxd4 4. Nxd4 a6 5. Bd3 Bc5 6. Nb3 Ba7 7. Qe2 Ne7 8. Be3 Nbc6 9. Bxa7 Rxa7 10. Nc3 b5 11. O-O-O b4 12. Na4 d6 13. Qe3 Qc7 14. h4 O-O 15. h5 Ne5 16. h6 g6 17. f4 Nxd3+ 18. Qxd3 Bd7 19. Qd4 e5 20. fxe5 dxe5 21. Qxb4 Bxa4 22. Qxa4 Rc8 23. Rd2 Qc6 24. Qa5 Qc7 25. Qa3 a5 26. Rhd1 Nc6 27. Qa4 Rb7 28. a3 Rcb8 29. Rd7 Qb6 30. Rxb7 Qxb7 31. Kb1 Qc7 32. Qc4 Re8 33. Nxa5 Qxa5 34. Qxc6 Qa8 35. Qf6 1-0

[Event "Pillsbury"]
[Site "Gatineau CAN"]
[Date "2026.02.24"]
[Round "7"]
[White "Viel, Simon"]
[Black "St-Amour, Mathieu"]
[Result "0-1"]
[ECO "B22"]
[WhiteElo "1464"]
[BlackElo "1360"]
[WhiteFideId "-1"]
[BlackFideId "-1"]
[PlyCount "52"]
[GameId "2281831754514536"]
[EventDate "2026.01.05"]
[EventType "swiss"]
[EventRounds "7"]
[EventCountry "CAN"]
[TimeControl "90+30"]

1. e4 c5 2. c3 Nf6 3. e5 Nd5 4. d4 cxd4 5. Nf3 Nc6 6. cxd4 d6 7. Bc4 Nb6 8. Bb5 a6 9. Ba4 Nxa4 10. Qxa4 b5 11. Qb3 dxe5 12. Nxe5 Nxe5 13. dxe5 g6 14. O-O Bg7 15. f4 O-O 16. Nc3 Bb7 17. Rd1 Qb6+ 18. Kh1 Qf2 19. Rg1 Rad8 20. Nd1 Qe2 21. Nc3 Qg4 22. Be3 Rd3 23. Rae1 Qh3 24. Nd5 Rxb3 25. gxh3 Bxd5+ 26. Rg2 Bxg2+ 0-1

[Event "Pillsbury"]
[Site "Gatineau CAN"]
[Date "2026.02.24"]
[Round "7"]
[White "Brault, Jean-Francois"]
[Black "Filion, Yves"]
[Result "1-0"]
[ECO "C44"]
[WhiteElo "1533"]
[BlackElo "1436"]
[WhiteFideId "-1"]
[BlackFideId "-1"]
[PlyCount "155"]
[GameId "2281831754530923"]
[EventDate "2026.01.05"]
[EventType "swiss"]
[EventRounds "7"]
[EventCountry "CAN"]
[TimeControl "90+30"]

1. e4 e5 2. Nf3 Nf6 3. d3 Nc6 4. Bg5 Be7 5. g3 h6 6. Bxf6 Bxf6 7. Bg2 Be7 8. c3 d5 9. Nbd2 Bg4 10. Qa4 Bxf3 11. Bxf3 d4 12. c4 O-O 13. a3 a5 14. O-O Bg5 15. Qd1 g6 16. Bg4 h5 17. Bh3 Qd6 18. Nf3 Bh6 19. Nh4 Bg5 20. Ng2 Ne7 21. f4 exf4 22. Nxf4 Bxf4 23. gxf4 c5 24. Rf2 f5 25. e5 Qb6 26. Bg2 Kg7 27. Qf3 Rab8 28. Qd1 Ng8 29. Bf3 Nh6 30. h3 Qd8 31. Qe1 Nf7 32. Rg2 Rh8 33. e6 Re8 34. Bxh5 Nh8 35. Bf3 Qf6 36. Bd5 Re7 37. Re2 b6 38. a4 Rbe8 39. Qg3 Rg8 40. Rae1 Kf8 41. h4 Rgg7 42. Qg5 Qxg5+ 43. hxg5 Rh7 44. Rh2 Rxh2 45. Kxh2 Nf7 46. Kg3 Nd8 47. Re5 Nb7 48. Kf2 Ke8 49. Bc6+ Kf8 50. Rd5 Rc7 51. Bxb7 Rxb7 52. Rd6 Ke7 53. Rc6 Kd8 54. e7+ Rxe7 55. Rxg6 Re3 56. Rxb6 Rxd3 57. Rb5 Rd2+ 58. Ke1 Rc2 59. Rxc5 Ke7 60. Rxa5 Rxc4 61. b3 Rc1+ 62. Ke2 Rc3 63. Rxf5 Rxb3 64. a5 Ra3 65. Rd5 Ke6 66. Rb5 Re3+ 67. Kd2 Ra3 68. Rb6+ Kf5 69. a6 Kxf4 70. g6 Ke4 71. g7 Ra2+ 72. Kc1 Rg2 73. a7 Rg1+ 74. Kb2 Rg2+ 75. Ka3 Rg3+ 76. Rb3 Rxg7 77. a8=Q+ Ke5 78. Rb5+ 1-0

[Event "Pillsbury"]
[Site "Gatineau CAN"]
[Date "2026.02.24"]
[Round "7"]
[White "Latreille, Etienne"]
[Black "Zebaze, Dylane"]
[Result "1-0"]
[ECO "C06"]
[WhiteElo "1984"]
[BlackElo "1912"]
[WhiteFideId "-1"]
[BlackFideId "-1"]
[PlyCount "73"]
[GameId "2282142221303976"]
[EventDate "2026.01.05"]
[EventType "swiss"]
[EventRounds "7"]
[EventCountry "CAN"]
[TimeControl "90+30"]

1. e4 e6 2. d4 d5 3. Nd2 Nf6 4. e5 Nfd7 5. Bd3 c5 6. c3 Nc6 7. Ne2 cxd4 8. cxd4 f6 9. exf6 Nxf6 10. O-O Bd6 11. Nf3 O-O 12. Bf4 Bxf4 13. Nxf4 Ne4 14. Ne2 Qd6 15. Bxe4 dxe4 16. Nd2 Qd5 17. Nc3 Qxd4 18. Ndxe4 Qb4 19. Qa4 Bd7 20. Qxb4 Nxb4 21. Nc5 Bc8 22. Rae1 Rf6 23. a3 b6 24. N5e4 Nd3 25. Nxf6+ gxf6 26. Re2 e5 27. Rd2 Ba6 28. Rfd1 Rd8 29. g4 Rd4 30. f3 Kf7 31. Ne2 Nf4 32. Nxd4 exd4 33. Rxd4 Ne2+ 34. Kf2 Nxd4 35. Rxd4 Ke6 36. Ke3 Bb7 37. Rd8 1-0

[Event "Pillsbury U1600"]
[Site "Gatineau CAN"]
[Date "2026.01.27"]
[Round "3"]
[White "Lattafi, Ayoub"]
[Black "Perrier, Vincent"]
[Result "0-1"]
[ECO "B40"]
[WhiteElo "1151"]
[BlackElo "1477"]
[WhiteFideId "-1"]
[BlackFideId "-1"]
[PlyCount "122"]
[GameId "2271798019866640"]
[EventDate "2026.01.05"]
[EventType "swiss"]
[EventRounds "7"]
[EventCountry "CAN"]
[TimeControl "90+30"]

1. e4 c5 2. Nf3 e6 3. d4 cxd4 4. Bc4 Nc6 5. c3 Qc7 6. O-O Nf6 7. Re1 dxc3 8. Nxc3 d6 9. Bg5 Be7 10. Qd2 O-O 11. Rad1 Rd8 12. Qe3 a6 13. e5 Ng4 14. Qf4 Ngxe5 15. Bxe7 Qxe7 16. Nxe5 Nxe5 17. Bb3 Bd7 18. Ne4 Bc6 19. Nxd6 Rxd6 20. Qxe5 Rad8 21. h3 h6 22. Bc2 Qg5 23. Qxg5 hxg5 24. Rxd6 Rxd6 25. Re2 f6 26. g4 Kf7 27. Bb3 Bd5 28. Bxd5 exd5 29. Kf1 Re6 30. Rd2 Re5 31. f3 Ke6 32. b4 Re3 33. Kf2 Rc3 34. Rb2 d4 35. Ke2 Kd5 36. b5 a5 37. a4 Kc4 38. b6 Re3+ 39. Kd2 Rxf3 40. Rb5 Rxh3 41. Rxa5 Rb3 42. Ra8 Rxb6 43. Rc8+ Rc6 44. Rxc6+ bxc6 45. Ke2 Kb4 46. Kd3 c5 47. a5 Kxa5 48. Kc4 g6 49. Kxc5 d3 50. Kc4 d2 51. Kc3 d1=Q 52. Kc4 Qxg4+ 53. Kc3 Qe4 54. Kb3 g4 55. Kb2 g3 56. Kc1 g2 57. Kd2 g1=R 58. Kc3 Rg3+ 59. Kd2 Qh4 60. Ke1 Qh2 61. Kf1 Rg1# 0-1

[Event "Ste-Foy 4 2025-26"]
[Site "Ste-Foy CAN"]
[Date "2026.01.12"]
[Round "1"]
[White "Blais, Pierre-Luc"]
[Black "Pepin, Pierre-Luc"]
[Result "1-0"]
[ECO "A07"]
[WhiteElo "1457"]
[BlackElo "1129"]
[WhiteFideId "-1"]
[BlackFideId "-1"]
[PlyCount "63"]
[GameId "2266559264608378"]
[EventDate "2026.01.12"]
[EventType "swiss"]
[EventRounds "5"]
[EventCountry "CAN"]
[TimeControl "5400+30"]

1. Nf3 d5 2. g3 g6 3. Bg2 Bg7 4. d3 c6 5. O-O Nf6 6. c3 b6 7. Nbd2 O-O 8. e4 dxe4 9. dxe4 Bb7 10. Qc2 Ba6 11. Re1 Qc7 12. Nb3 Rd8 13. Bf4 Qc8 14. Nbd4 Ng4 15. e5 c5 16. Nb3 Nc6 17. Bh3 Ne3 18. Bxc8 Nxc2 19. Bxa6 Nxa1 20. Rxa1 Rd7 21. e6 fxe6 22. Re1 Rad8 23. Rxe6 Rd1+ 24. Kg2 Rb1 25. Rxc6 Rxb2 26. Rc7 Bxc3 27. Rxa7 Rd1 28. Bh6 Kf7 29. Bc4+ Kf6 30. Ra8 e6 31. Re8 Kf7 32. Rxe6 1-0

[Event "Ste-Foy 4 2025-26"]
[Site "Ste-Foy CAN"]
[Date "2026.01.12"]
[Round "1"]
[White "Belanger, Mathieu-Olivier"]
[Black "Fleury, Dominic"]
[Result "1-0"]
[ECO "C54"]
[WhiteElo "1929"]
[BlackElo "1327"]
[WhiteFideId "-1"]
[BlackFideId "-1"]
[PlyCount "61"]
[GameId "2266558667776010"]
[EventDate "2026.01.12"]
[EventType "swiss"]
[EventRounds "5"]
[EventCountry "CAN"]
[TimeControl "5400+30"]

1. e4 e5 2. Nf3 Nc6 3. Bc4 Bc5 4. c3 Nf6 5. d4 exd4 6. e5 Ng4 7. cxd4 Bb4+ 8. Nc3 Bxc3+ 9. bxc3 d5 10. Bd3 Nh6 11. Bxh6 gxh6 12. Qd2 Ne7 13. Qxh6 Bf5 14. Qf6 Bxd3 15. Qxh8+ Kd7 16. Qxd8+ Rxd8 17. Kd2 Bc4 18. g4 Rg8 19. Rhe1 Rg6 20. h4 Rb6 21. Reb1 Rxb1 22. Rxb1 b5 23. Ng5 Ng6 24. h5 Nf4 25. Nxf7 a5 26. a3 c6 27. Ng5 Ke7 28. Nf3 h6 29. Nh4 Ke6 30. Ng6 Bd3 31. Nxf4+ 1-0

[Event "Ste-Foy 4 2025-26"]
[Site "Ste-Foy CAN"]
[Date "2026.01.12"]
[Round "1"]
[White "Chaouli, Mehdi"]
[Black "Grimard, Carl"]
[Result "0-1"]
[ECO "B86"]
[WhiteElo "1065"]
[BlackElo "1410"]
[WhiteFideId "-1"]
[BlackFideId "-1"]
[PlyCount "60"]
[GameId "2266559324004486"]
[EventDate "2026.01.12"]
[EventType "swiss"]
[EventRounds "5"]
[EventCountry "CAN"]
[TimeControl "5400+30"]

1. e4 c5 2. Nf3 d6 3. Bc4 e6 4. Nc3 a6 5. a4 Nf6 6. d4 cxd4 7. Nxd4 Nxe4 8. Qf3 Nxc3 9. bxc3 d5 10. Bd3 e5 11. Qe3 e4 12. Be2 Be7 13. O-O O-O 14. Ba3 Nc6 15. Nxc6 bxc6 16. c4 f5 17. Bxe7 Qxe7 18. Rfd1 f4 19. Qb3 Be6 20. cxd5 cxd5 21. c4 dxc4 22. Bxc4 Bxc4 23. Qxc4+ Kh8 24. Re1 e3 25. f3 Qe5 26. Rad1 Rfd8 27. Rxd8+ Rxd8 28. Qxa6 Qb2 29. Qe2 Rd2 30. Qc4 Rxg2+ 0-1

[Event "Ste-Foy 4 2025-26"]
[Site "Ste-Foy CAN"]
[Date "2026.01.12"]
[Round "1"]
[White "Descheenes, Andre-Philippe"]
[Black "Potvin, Alain-Nicolas"]
[Result "0-1"]
[ECO "A48"]
[WhiteElo "1252"]
[BlackElo "1701"]
[WhiteFideId "-1"]
[BlackFideId "-1"]
[PlyCount "64"]
[GameId "2266558919176254"]
[EventDate "2026.01.12"]
[EventType "swiss"]
[EventRounds "5"]
[EventCountry "CAN"]
[TimeControl "5400+30"]

1. d4 g6 2. e3 Nf6 3. Nf3 Bg7 4. Bd3 d6 5. Nbd2 O-O 6. b3 c5 7. Bb2 Nc6 8. a3 Qa5 9. O-O cxd4 10. Nc4 Qh5 11. Nxd4 Bg4 12. f3 Bd7 13. e4 Nxd4 14. Bxd4 Ng4 15. fxg4 Bxd4+ 16. Kh1 Bxg4 17. Qc1 Bxa1 18. Qxa1 Be2 19. Re1 Bxd3 20. cxd3 Rac8 21. Ne3 e6 22. d4 Qh4 23. Nc4 d5 24. exd5 exd5 25. Nd6 Rc2 26. Nxb7 Qf2 27. Rg1 Re8 28. Nd6 Ree2 29. Qf1 Qxf1 30. Rxf1 Rxg2 31. Nxf7 Rxh2+ 32. Kg1 Rcg2# 0-1

[Event "Ste-Foy 4 2025-26"]
[Site "Ste-Foy CAN"]
[Date "2026.01.12"]
[Round "1"]
[White "Houde, Louis-Thomas"]
[Black "Godin, Francois"]
[Result "1-0"]
[ECO "C02"]
[WhiteElo "1390"]
[BlackElo "1038"]
[WhiteFideId "-1"]
[BlackFideId "-1"]
[PlyCount "64"]
[GameId "2266559388786834"]
[EventDate "2026.01.12"]
[EventType "swiss"]
[EventRounds "5"]
[EventCountry "CAN"]
[TimeControl "5400+30"]

1. e4 c5 2. c3 e6 3. d4 cxd4 4. cxd4 d5 5. e5 Nc6 6. Nf3 Be7 7. Bd3 a5 8. a3 Qb6 9. Bc2 Bd7 10. Nc3 Bd8 11. Rb1 Nge7 12. O-O O-O 13. Qd3 Nf5 14. g4 Ncxd4 15. Be3 Bb5 16. Nxb5 Qxb5 17. Qxb5 Nxb5 18. gxf5 exf5 19. Bxf5 Ra6 20. Bc5 Re8 21. Bd7 Be7 22. Bxe8 Rg6+ 23. Kh1 Bxc5 24. Bxb5 Kf8 25. Rbc1 b6 26. b4 axb4 27. axb4 Re6 28. bxc5 bxc5 29. Rxc5 f6 30. Rxd5 h6 31. Rd8+ Ke7 32. Re8+ Kf7 1-0

[Event "Ste-Foy 4 2025-26"]
[Site "Ste-Foy CAN"]
[Date "2026.01.12"]
[Round "1"]
[White "Lebel, Michel"]
[Black "Wafer, Jacques"]
[Result "0-1"]
[ECO "C41"]
[WhiteElo "1024"]
[BlackElo "1389"]
[WhiteFideId "-1"]
[BlackFideId "-1"]
[PlyCount "62"]
[GameId "2266559456952478"]
[EventDate "2026.01.12"]
[EventType "swiss"]
[EventRounds "5"]
[EventCountry "CAN"]
[TimeControl "5400+30"]

1. e4 d6 2. Nf3 e5 3. d4 Nd7 4. Bc4 Be7 5. a4 Ngf6 6. Nc3 c6 7. O-O h6 8. Bd2 Qc7 9. Qe2 Nb6 10. Bb3 Bg4 11. Qd3 g5 12. Ne2 Be6 13. Bxe6 fxe6 14. b3 O-O-O 15. Bc3 g4 16. Nd2 c5 17. dxe5 dxe5 18. Qg3 Bd6 19. Rad1 h5 20. a5 Nbd7 21. f3 h4 22. Qf2 Rdf8 23. Nc4 Ne8 24. Nxd6+ Nxd6 25. Bxe5 Nxe5 26. f4 Nxe4 27. Qe3 Qc6 28. fxe5 h3 29. Rxf8+ Rxf8 30. gxh3 Nf2 31. Rf1 Qh1# 0-1

[Event "Ste-Foy 4 2025-26"]
[Site "Ste-Foy CAN"]
[Date "2026.01.12"]
[Round "1"]
[White "Lescarbeau, Martin"]
[Black "Aguilar Balzano, Sebastian"]
[Result "1-0"]
[ECO "C02"]
[WhiteElo "1734"]
[BlackElo "1264"]
[WhiteFideId "-1"]
[BlackFideId "-1"]
[PlyCount "69"]
[GameId "2266558836650034"]
[EventDate "2026.01.12"]
[EventType "swiss"]
[EventRounds "5"]
[EventCountry "CAN"]
[TimeControl "5400+30"]

1. e4 e6 2. d4 d5 3. e5 c5 4. c3 Nc6 5. Nf3 Nge7 6. a3 Nf5 7. b4 cxd4 8. cxd4 Qb6 9. Bb2 Be7 10. Be2 Bd7 11. b5 Na5 12. Nc3 O-O 13. Na4 Qd8 14. Nc5 b6 15. Nxd7 Qxd7 16. O-O Rac8 17. Nd2 Rc7 18. Qa4 Rfc8 19. Bd3 h5 20. Rfc1 Bg5 21. Rxc7 Rxc7 22. Nf3 Bh6 23. h3 Nc4 24. Bxc4 Rxc4 25. Qb3 Qc8 26. g4 hxg4 27. hxg4 g5 28. gxf5 exf5 29. Nd2 Rc2 30. Nf3 f4 31. e6 fxe6 32. Ne5 Rc7 33. Qd3 Kh8 34. Kg2 Rg7 35. Rh1 1-0

[Event "Ste-Foy 4 2025-26"]
[Site "Ste-Foy CAN"]
[Date "2026.01.12"]
[Round "1"]
[White "Monat, Henri"]
[Black "Kriuchkov, Dmytro"]
[Result "0-1"]
[ECO "B13"]
[WhiteElo "1159"]
[BlackElo "1471"]
[WhiteFideId "-1"]
[BlackFideId "-1"]
[PlyCount "24"]
[GameId "2266559194808430"]
[EventDate "2026.01.12"]
[EventType "swiss"]
[EventRounds "5"]
[EventCountry "CAN"]
[TimeControl "5400+30"]

1. e4 c6 2. d4 d5 3. exd5 cxd5 4. Nc3 Nf6 5. Be3 g6 6. Qd2 Nc6 7. Bh6 Bf5 8. f3 Bxh6 9. Qxh6 Nxd4 10. O-O-O e5 11. Qg7 Rg8 12. Qxh7 Nxh7 0-1

[Event "Ste-Foy 4 2025-26"]
[Site "Ste-Foy CAN"]
[Date "2026.01.12"]
[Round "1"]
[White "Poitras, Marc"]
[Black "Cassista, Jeremie"]
[Result "0-1"]
[ECO "D92"]
[WhiteElo "1312"]
[BlackElo "1776"]
[WhiteFideId "-1"]
[BlackFideId "-1"]
[PlyCount "91"]
[GameId "2266558761607206"]
[EventDate "2026.01.12"]
[EventType "swiss"]
[EventRounds "5"]
[EventCountry "CAN"]
[TimeControl "5400+30"]

1. d4 d5 2. c4 Nf6 3. Bf4 g6 4. Nf3 Bg7 5. Nc3 O-O 6. Qd2 c6 7. Ng5 Re8 8. e3 Nh5 9. Be5 Bh6 10. Nf3 f6 11. Bxb8 Rxb8 12. h3 Be6 13. g4 Ng7 14. g5 Bxg5 15. Nxg5 fxg5 16. e4 dxc4 17. O-O-O b5 18. d5 cxd5 19. exd5 Bf5 20. Qxg5 Qb6 21. Qg2 b4 22. Ne4 c3 23. b3 Bxe4 24. Qxe4 Qxf2 25. Be2 Nf5 26. Kb1 c2+ 27. Kxc2 Ne3+ 28. Kd2 Nxd1 29. Rf1 Qe3+ 30. Qxe3 Nxe3 31. Kxe3 Rf8 32. Rc1 Rbc8 33. Bc4 Kg7 34. Rc2 Rf1 35. Rg2 Rf5 36. Rg4 Kf6 37. h4 h5 38. Rd4 g5 39. d6 exd6 40. Rxd6+ Ke7 41. Re6+ Kd7 42. Rh6 Re8+ 43. Kd2 gxh4 44. Rh7+ Re7 45. Rh6 h3 46. Bf1 0-1

[Event "Ste-Foy 4 2025-26"]
[Site "Ste-Foy CAN"]
[Date "2026.01.12"]
[Round "1"]
[White "Renzo, Alain"]
[Black "Cantin, Guillaume"]
[Result "0-1"]
[ECO "C01"]
[WhiteElo "1222"]
[BlackElo "1635"]
[WhiteFideId "-1"]
[BlackFideId "-1"]
[PlyCount "64"]
[GameId "2266559058419798"]
[EventDate "2026.01.12"]
[EventType "swiss"]
[EventRounds "5"]
[EventCountry "CAN"]
[TimeControl "5400+30"]

1. e4 e6 2. d4 d5 3. exd5 exd5 4. Nc3 Nf6 5. Nf3 Bd6 6. Bg5 c6 7. Be2 O-O 8. Qd3 h6 9. Bxf6 Qxf6 10. O-O-O Bf5 11. Qd2 Bg4 12. Qe1 Re8 13. Qf1 b5 14. h3 Bd7 15. g4 a5 16. Ne1 a4 17. Ng2 Bf4+ 18. Ne3 b4 19. Nb1 Qg5 20. Nd2 Bxe3 21. fxe3 Qxe3 22. Bf3 a3 23. Qd3 Qe7 24. b3 Na6 25. Rde1 Qxe1+ 26. Rxe1 Rxe1+ 27. Bd1 Nc7 28. c3 bxc3 29. Qxc3 Nb5 30. Qg3 Rae8 31. Kc2 Nxd4+ 32. Kc1 R8e3 0-1

[Event "Ste-Foy 4 2025-26"]
[Site "Ste-Foy CAN"]
[Date "2026.01.12"]
[Round "1"]
[White "Voisin, Antoine"]
[Black "Andriantsolofonirina, Fabrice"]
[Result "1-0"]
[ECO "B20"]
[WhiteElo "1636"]
[BlackElo "1251"]
[WhiteFideId "-1"]
[BlackFideId "-1"]
[PlyCount "65"]
[GameId "2266558988226634"]
[EventDate "2026.01.12"]
[EventType "swiss"]
[EventRounds "5"]
[EventCountry "CAN"]
[TimeControl "5400+30"]

1. e4 c5 2. a3 Nc6 3. b4 d6 4. b5 Ne5 5. Bb2 Nf6 6. Nc3 e6 7. Nf3 Be7 8. Nxe5 dxe5 9. Bc4 b6 10. O-O Bb7 11. d3 O-O 12. Ne2 Bd6 13. Ng3 Bc7 14. Nh5 Nd7 15. Qg4 g6 16. Bc1 Kh8 17. Bg5 gxh5 18. Bxd8 hxg4 19. Bxc7 Rae8 20. f4 gxf3 21. Rxf3 f5 22. Raf1 Rg8 23. Re3 Rg6 24. Rf2 Reg8 25. Kf1 f4 26. Rh3 Rg5 27. Bxe6 R8g7 28. Bd8 R5g6 29. Bf5 Rd6 30. Bc7 Rd4 31. Bxd7 Rgxd7 32. Bxe5+ Kg8 33. Rxf4 1-0

[Event "Ste-Foy 4 2025-26"]
[Site "Ste-Foy CAN"]
[Date "2026.01.19"]
[Round "2"]
[White "Kriuchkov, Dmytro"]
[Black "Belanger, Mathieu-Olivier"]
[Result "0-1"]
[ECO "A48"]
[WhiteElo "1471"]
[BlackElo "1929"]
[WhiteFideId "-1"]
[BlackFideId "-1"]
[PlyCount "81"]
[GameId "2268742836778891"]
[EventDate "2026.01.12"]
[EventType "swiss"]
[EventRounds "5"]
[EventCountry "CAN"]
[TimeControl "5400+30"]

1. d4 Nf6 2. h3 d6 3. Bf4 g6 4. Nf3 Bg7 5. c3 Nbd7 6. Qc1 O-O 7. g4 e5 8. Bh6 e4 9. Bxg7 Kxg7 10. Nh2 Re8 11. Na3 e3 12. fxe3 Nd5 13. Nf3 N7b6 14. Bg2 Nxe3 15. Rh2 Qf6 16. c4 Nxg2+ 17. Rxg2 Qxf3 18. Rf2 Qh1+ 19. Rf1 Qxh3 20. Qf4 Qh4+ 21. Kd2 Qe7 22. e4 h6 23. Kc3 Bxg4 24. Rae1 Qe6 25. b3 c6 26. Nc2 c5 27. Re3 g5 28. Qf2 Qg6 29. dxc5 dxc5 30. Ree1 Re5 31. Ne3 Be6 32. Nd5 Nxd5+ 33. cxd5 Bd7 34. Qf3 Rae8 35. Kb2 b6 36. Rf2 Rxe4 37. Ref1 Rf4 38. Qc3+ Qf6 39. Qxf6+ Kxf6 40. Rxf4+ gxf4 41. Rxf4+ 0-1

[Event "Ste-Foy 4 2025-26"]
[Site "Ste-Foy CAN"]
[Date "2026.01.19"]
[Round "2"]
[White "Cassista, Jeremie"]
[Black "Blais, Pierre-Luc"]
[Result "1-0"]
[ECO "E90"]
[WhiteElo "1776"]
[BlackElo "1457"]
[WhiteFideId "-1"]
[BlackFideId "-1"]
[PlyCount "83"]
[GameId "2268742915221399"]
[EventDate "2026.01.12"]
[EventType "swiss"]
[EventRounds "5"]
[EventCountry "CAN"]
[TimeControl "5400+30"]

1. d4 g6 2. c4 Nf6 3. Nc3 Bg7 4. Nf3 O-O 5. e4 d6 6. h3 c6 7. Be3 Nbd7 8. Be2 e5 9. d5 cxd5 10. cxd5 Nc5 11. Qc2 b6 12. b4 Na6 13. a3 Bb7 14. Nd2 Rc8 15. Rc1 Nd7 16. O-O f5 17. f3 Nc7 18. Qb3 Qh4 19. Qa4 Bh6 20. Bf2 Qe7 21. Rc2 Ne8 22. Nc4 Ndf6 23. Bd3 fxe4 24. fxe4 Nh5 25. Ne2 Nef6 26. Qxa7 Ra8 27. Qxb6 Bxd5 28. Qxd6 Qxd6 29. Nxd6 Nf4 30. Nxf4 Bxe4 31. Nxe4 Bxf4 32. Nxf6+ Rxf6 33. Rc3 Rd6 34. Bc5 Rd7 35. a4 Kg7 36. a5 Rad8 37. Be4 Rd1 38. Rxd1 Rxd1+ 39. Kf2 Ra1 40. Rc2 Bh2 41. Ke2 Bf4 42. Bb7 1-0

[Event "Ste-Foy 4 2025-26"]
[Site "Ste-Foy CAN"]
[Date "2026.01.19"]
[Round "2"]
[White "Grimard, Carl"]
[Black "Lescarbeau, Martin"]
[Result "0-1"]
[ECO "E61"]
[WhiteElo "1410"]
[BlackElo "1734"]
[WhiteFideId "-1"]
[BlackFideId "-1"]
[PlyCount "46"]
[GameId "2268742988445603"]
[EventDate "2026.01.12"]
[EventType "swiss"]
[EventRounds "5"]
[EventCountry "CAN"]
[TimeControl "5400+30"]

1. c4 Nf6 2. Nc3 g6 3. Nf3 Bg7 4. d4 O-O 5. Bf4 d6 6. e4 Nbd7 7. Bd3 e5 8. dxe5 dxe5 9. Bg3 c6 10. b4 Nxe4 11. Nxe4 f5 12. h3 fxe4 13. Bxe4 Nf6 14. Nd2 Qd4 15. f3 Nxe4 16. fxe4 Bh6 17. Nf3 Qxc4 18. Qb3 Be6 19. Qxc4 Bxc4 20. Nxe5 Rae8 21. Kd1 Bg7 22. Rc1 Bxa2 23. Nd7 Rd8 0-1